 Dungeon Crawl Stone Soup version 0.21-a0-421-gfc1ce30 (webtiles) character file.

1126 tof the Slasher (level 8, -7/70 HPs)
             Began as a Minotaur Monk on Nov 4, 2017.
             Mangled by Duvessa
             ... wielding a +0 short sword
              (16 damage)
             ... on level 5 of the Dungeon.
             The game lasted 00:06:25 (3726 turns).

tof the Slasher (Minotaur Monk)                     Turns: 3726, Time: 00:06:26

Health: -7/70      AC:  9    Str: 19    XL:     8   Next: 13%
Magic:  7/7        EV: 14    Int:  7    God:
Gold:   268        SH:  0    Dex: 15    Spells: 7/7 levels left

rFire    . . .     SeeInvis .   i - +2 hand axe (chop)
rCold    . . .     Gourm    .   (no shield)
rNeg     . . .     Faith    .   k - +0 ring mail
rPois    .         Spirit   .   x - +1 hat
rElec    .         Reflect  .   (no cloak)
rCorr    .         Harm     .   (no gloves)
MR       .....     Rnd*Tele +   B - +1 pair of boots
Stlth    +.........             A - amulet of regeneration
HPRegen  0.61/turn              y - ring of teleportation (curse)
MPRegen  0.10/turn              u - +3 ring of strength

@: no status effects
A: retaliatory headbutt, horns 2
a: no special abilities


You were on level 5 of the Dungeon.
You were not hungry.

You visited 1 branch of the dungeon, and saw 5 of its levels.

You collected 268 gold pieces.

Inventory:

Hand Weapons
 a - a +0 falchion
 i - a +2 hand axe of chopping (weapon)
Missiles
 b - 2 curare-tipped needles
 v - 42 poisoned needles
Armour
 k - a +0 ring mail (worn)
 x - a +1 hat (worn)
 B - a +1 pair of boots (worn)
Jewellery
 r - a +1 ring of protection
 u - a +3 ring of strength (right hand)
 y - a cursed ring of teleportation (left hand)
 A - an amulet of regeneration (around neck)
 E - a +5 ring of protection
Scrolls
 e - a scroll of recharging {unknown}
 h - a scroll of fear
 l - a scroll of fog
 m - 2 scrolls of teleportation
 n - a scroll of remove curse {unknown}
 G - a scroll of blinking
Potions
 f - a potion of haste {unknown}
 o - a potion of cancellation {unknown}
 q - 2 potions of curing {unknown}
 s - a potion of magic {unknown}
 t - a potion of ambrosia {unknown}
 w - 2 potions of heal wounds {unknown}
 C - a potion of flight {unknown}
 F - a potion of might {unknown}
Books
 d - a book of Maledictions

   Spells                             Type                      Level
   a - Corona                         Hexes                        1
   b - Ensorcelled Hibernation        Hexes/Ice                    2
   c - Confuse                        Hexes                        3
   d - Tukima's Dance                 Hexes                        3
   e - Dazzling Spray                 Conjuration/Hexes            3
Comestibles
 c - 5 bread rations
 g - 2 royal jellies
 j - 6 fruits
 p - a meat ration
 z - 6 chunks of flesh


   Skills:
 + Level 5.8 Fighting
 * Level 7.6 Long Blades
 + Level 3.5 Throwing
 + Level 4.4 Armour
 + Level 5.4 Dodging
 - Level 1.5 Stealth


You had 7 spell levels left.
You didn't know any spells.

Dungeon Overview and Level Annotations

Branches:
Dungeon (5/15)
 Temple: D:4-7

Altars:
Fedhas
Gozag
Makhleb

Shops:
D:3 *

Annotations:
D:5 Duvessa


Innate Abilities, Weirdness & Mutations

You reflexively headbutt those who attack you in melee.
You have a pair of horns on your head.


Message History

Duvessa misses you. Duvessa hits you but does no damage.
You hit Duvessa but do no damage.
Duvessa is severely wounded.
Duvessa hits you with a short sword. x2
You hit Duvessa but do no damage.
Duvessa is severely wounded.
Duvessa hits you with a short sword! Duvessa hits you with a short sword.
* * * LOW HITPOINT WARNING * * *
You hit Duvessa.
Duvessa is severely wounded.
Duvessa hits you with a short sword.
* * * LOW HITPOINT WARNING * * *
Duvessa hits you with a short sword.
* * * LOW HITPOINT WARNING * * *
You hit Duvessa but do no damage. Your headbutt misses Duvessa.
Duvessa is severely wounded.
Duvessa hits you with a short sword!
* * * LOW HITPOINT WARNING * * *
Duvessa hits you with a short sword!
You die...

..........####.#. #.........##...
.........## #.#..#.....%....#.#.
.........#####.#....[..........#.
.........#...#.#.#...............
.................##.............#
#.)..............##............##
#.)..........................#?##
...............#..)..........#..#
......)........e@)...............
.#.##.##(....................##.#
##.##.##..............|./....##..
#.##.##.......#.#..#.......####.
..##.##......##.#.........# #.
.###.##.....###.##...###.# #. ..
#.#.....## #.##...# #.######.
..#.##### #.#....# #........ ..
.. ..... ########.


You could see Duvessa (berserk).

Vanquished Creatures
  The ghost of Qupu the Covered, an amateur MiFi of the Shining One (D:4)
  2 ogres (D:4)
  A centaur (D:5)
  A scorpion (D:4)
  Dowan (D:5)
  A centaur zombie (D:5)
  A bullfrog zombie (D:5)
  A crimson imp (D:5)
  3 hounds
  A jelly (D:5)
  An orc wizard (D:5)
  8 worker ants
  4 adders
  3 gnolls (D:2)
  An adder skeleton (D:3)
  An adder zombie (D:5)
  3 worms
  3 dart slugs
  5 leopard geckos
  15 orcs
  A giant cockroach (D:5)
  15 goblins
  15 hobgoblins
  7 jackals
  2 quokkas
  A ball python (D:4)
  11 bats
  7 frilled lizards
  A jackal skeleton (D:2)
  A jackal zombie (D:5)
  6 kobolds
  5 rats
129 creatures vanquished.

Notes
Turn   | Place    | Note
-------+----------+-------------------------------------------
     0 | D:1      | tof the Minotaur Monk began the quest for the Orb.
     0 | D:1      | Reached XP level 1. HP: 19/19 MP: 0/0
    71 | D:1      | Reached XP level 2. HP: 20/27 MP: 1/1
   243 | D:1      | Reached skill level 4 in Long Blades
   437 | D:1      | Reached skill level 1 in Armour
   451 | D:1      | Reached XP level 3. HP: 33/33 MP: 2/2
   814 | D:2      | Reached skill level 1 in Throwing
  1273 | D:2      | Reached XP level 4. HP: 30/40 MP: 3/3
  1376 | D:2      | Found a blossoming altar of Fedhas.
  1584 | D:3      | Found an opulent altar of Gozag.
  1588 | D:3      | Found Gozag's Platinum Reserve.
  1807 | D:3      | Reached skill level 5 in Long Blades
  1817 | D:3      | Reached XP level 5. HP: 46/46 MP: 4/4
  2101 | D:3      | Found a burning altar of Makhleb.
  2101 | D:3      | Noticed a green death
  2578 | D:4      | Noticed an ogre
  2616 | D:4      | Noticed Qupu's ghost (amateur MiFi)
  2647 | D:4      | Killed Qupu's ghost
  2647 | D:4      | Reached XP level 6. HP: 26/55 MP: 5/5
  2724 | D:4      | Reached skill level 6 in Long Blades
  2747 | D:4      | Reached skill level 5 in Fighting
  2946 | D:4      | Reached XP level 7. HP: 41/61 MP: 6/6
  3175 | D:4      | Reached skill level 5 in Dodging
  3478 | D:5      | Entered Level 5 of the Dungeon
  3491 | D:5      | Reached skill level 7 in Long Blades
  3655 | D:5      | Reached XP level 8. HP: 49/70 MP: 7/7
  3675 | D:5      | Noticed Duvessa
  3693 | D:5      | Noticed Dowan
  3704 | D:5      | Killed Dowan
  3726 | D:5      | Mangled by Duvessa

Vault maps used:
D:1:      noname_arrival_rooms_in_the_neighbourhood, minmay_pentomino_r2
D:2:      nicolae_overflow_crystal_walls, first_bread, minmay_misc_feat_iff
D:3:      makhleb_altar_promises_db, nicolae_gozag_zags_fifth_avenue
D:5:      minmay_temple_entry_enclosed_plants, uniq_duvessa

Skill      XL: |  1  2  3  4  5  6  7 |
---------------+----------------------+-----
Long Blades    | 4 5 6 7 |  7.6
Armour         | 1 2 3 4 |  4.4
Throwing       | 1 2 3 |  3.5
Fighting       | 4 5 |  5.8
Dodging        | 4 5 |  5.4
Stealth        | |  1.5

Action                   |  1- 3 |  4- 6 |  7- 9 || total
-------------------------+-------+-------+-------++-------
Melee: Falchion          |    15 |       |       ||    15
       Headbutt          |    10 |    28 |    21 ||    59
       Hand axe          |    65 |   122 |    93 ||   280
  Use: Scroll            |       |     4 |     2 ||     6
 Stab: Sleeping          |       |     1 |       ||     1
  Eat: Chunk             |     1 |     6 |     2 ||     9
Armor: Robe              |     8 |       |       ||     8
       Ring mail         |    19 |    41 |    42 ||   102
Dodge: Dodged            |    62 |    71 |    70 ||   203
       Rpst.: Falchion   |     1 |       |       ||     1

Table legend:
 A = Spawn XP
 B = Non-spawn XP
 C = Spawn XP percentage of total XP
 D = Spawn monster count
 E = Non-spawn monster count
 F = Spawn count percentage of total count
 G = Total turns spent on level
                    A         B        C        D         E        F      G
               +---------+---------+-------+---------+---------+-------+---------
         Total |       0 |    1609 |   0.0 |       0 |     129 |   0.0 |  3726
               +---------+---------+-------+---------+---------+-------+---------
           D:1 |       0 |      55 |   0.0 |       0 |      34 |   0.0 |   715
           D:2 |       0 |      77 |   0.0 |       0 |      22 |   0.0 |   785
           D:3 |       0 |      96 |   0.0 |       0 |      26 |   0.0 |   938
           D:4 |       0 |     828 |   0.0 |       0 |      24 |   0.0 |  1040
           D:5 |       0 |     553 |   0.0 |       0 |      23 |   0.0 |   248
               +---------+---------+-------+---------+---------+-------+---------
